 Dungeon Crawl Stone Soup version 0.27.1-2-g3b301248ec (webtiles) character file.

Game seed: 18369865769899828985

468 pkoi the Carver (level 6, -8/50 HPs)
             Began as a Minotaur Gladiator on Sept 30, 2021.
             Was a Follower of Okawaru.
             Mangled by an ice beast (14 damage)
             ... on level 5 of the Dungeon.
             The game lasted 00:07:14 (4730 turns).

pkoi the Carver (Minotaur Gladiator)                Turns: 4730, Time: 00:07:14

Health: -8/50      AC:  3    Str: 20    XL:     6   Next: 81%
Magic:  5/5        EV: 12    Int: 11    God:    Okawaru [*.....]
Gold:   206        SH:  0    Dex: 12    Spells: 5/5 levels left

rFire    . . .     SeeInvis +   a - +1 long sword
rCold    . . .     Faith    .   (no shield)
rNeg     . . .     Spirit   .   b - +0 leather armour
rPois    .         Reflect  .   c - +0 hat
rElec    .         Harm     .   (no cloak)
rCorr    .         Rampage  .   (no gloves)
Will     .....                  (no boots)
Stlth    +.........             (no amulet)
HPRegen  0.16/turn              r - ring of see invisible
MPRegen  0.09/turn              k - +6 ring of intelligence

@: no status effects
A: horns 2, retaliatory headbutt
a: Renounce Religion, Heroism


You were on level 5 of the Dungeon.
You worshipped Okawaru.
Okawaru was aware of your devotion.
You visited 2 branches of the dungeon, and saw 6 of its levels.

You collected 206 gold pieces.

Inventory:

Hand Weapons
 a - a +1 long sword (weapon)
 f - a +1 dagger of venom
Missiles
 d - 4 throwing nets (quivered)
 l - 15 poisoned darts
 p - 2 boomerangs
 q - 7 javelins
Armour
 b - a +0 leather armour (worn)
 c - a +0 hat (worn)
Jewellery
 g - a ring of fire
 k - a +6 ring of intelligence (right hand)
 r - a ring of see invisible (left hand)
Wands
 m - a wand of iceblast (8)
Scrolls
 o - a scroll of magic mapping
Potions
 e - 6 potions of curing {unknown}
 h - a potion of flight {unknown}
 i - 2 potions of heal wounds {unknown}
 j - 4 potions of lignification {unknown}
 n - a potion of mutation {unknown}
 s - a potion of cancellation {unknown}
 t - 2 potions of resistance {unknown}


   Skills:
 + Level 2.6 Fighting
 + Level 9.2 Long Blades
 - Level 2.0 Throwing
 + Level 0.6 Armour
 - Level 3.2 Dodging
 + Level 0.4 Invocations


You had 5 spell levels left.
You didn't know any spells.
Your spell library contained the following spells:

 Spells                   Type           Power      Damage    Failure   Level
 Freeze                   Ice            0%         1d3       38%         1
 Frozen Ramparts          Ice            0%         1d2       77%         3
 Hailstorm                Conj/Ice       0%         3d3       99%         4


Dungeon Overview and Level Annotations

Branches:
Dungeon (5/15)             Temple (1/1) D:4

Altars:
Cheibriados
Dithmenos
Fedhas
Gozag
Hepliaklqana
Kikubaaqudgha
Nemelex Xobeh
Okawaru
Qazlal
Sif Muna
Wu Jian
Yredelemnul
The Shining One


Innate Abilities, Weirdness & Mutations

You have a pair of horns on your head.
You reflexively headbutt those who attack you in melee.


Message History

A jackal is nearby!
The jackal barks!
A jackal comes into view.
The jackal barks!
You slash the jackal!
You kill the jackal!
Okawaru accepts your kill. The jackal bites you.
Your leather armour prevents you from hitting the jackal.
The jackal closely misses you.
You hit the jackal.
You kill the jackal!
Okawaru accepts your kill.
No target in view!
No target in view!
An ice beast comes into view.
An ice beast is nearby!
An ice beast is nearby!
An ice beast is nearby!
Found a stone staircase leading up.
You hit the ice beast.
The ice beast is lightly wounded.
The ice beast hits you. The ice beast freezes you!
You slash the ice beast!
You headbutt the ice beast, but do no damage.
The ice beast is heavily wounded.
The ice beast hits you. The ice beast freezes you.
* * * LOW HITPOINT WARNING * * *
You slash the ice beast!
The ice beast is almost dead.
The ice beast hits you.
* * * LOW HITPOINT WARNING * * *
The ice beast freezes you!
* * * LOW HITPOINT WARNING * * *
You closely miss the ice beast.
The ice beast is almost dead.
The ice beast hits you.
* * * LOW HITPOINT WARNING * * *
The ice beast freezes you!
You die...

** ##..,,***,,** **,,,,,,,,**
#...*** **,,## *#..,,,,,,**
#..#* **,.###...,,,,,** #..#
**......<,,,,,* #..#
*....(..,,,,** #..######
#.......,,,,,****
#.......####.....,,,,,,,,,,,
#........>..Y.#******,,,,,,,
#...###....@.## ******** #.###
#......# *#### ##.## ##......#
*#...#* #...###.....<.###
*....,,
##....#....##..†.#####*#..#***
*#.........#######)...##...#
#..##......## ####......#*
*#.#*#.......# ##..###.#*
*#.#*#...##...## #..# **,**


You could see an ice beast.

Vanquished Creatures
  A sky beast (D:5)
  A necrophage (D:4)
  2 jellies
  2 hounds (D:5)
  A hound skeleton (D:4)
  A howler monkey skeleton (D:4)
  3 gnolls
  3 adders
  3 worms
  4 orcs
  9 bats
  6 endoplasms
  A giant cockroach (D:2)
  6 goblins
  4 hobgoblins
  10 jackals
  10 kobolds
  3 quokkas
  8 ball pythons
  A ball python zombie (D:3)
  6 frilled lizards
  9 rats
94 creatures vanquished.

Notes
Turn   | Place    | Note
-------+----------+-------------------------------------------
     0 | D:1      | pkoi the Minotaur Gladiator began the quest for the Orb.
     0 | D:1      | Reached XP level 1. HP: 18/18 MP: 0/0
    64 | D:1      | Reached skill level 4 in Long Blades
   146 | D:1      | Reached XP level 2. HP: 15/25 MP: 1/1
   601 | D:1      | Reached skill level 5 in Long Blades
   852 | D:1      | Reached XP level 3. HP: 30/30 MP: 2/2
  1526 | D:2      | Reached skill level 6 in Long Blades
  1526 | D:2      | Reached XP level 4. HP: 22/37 MP: 3/3
  2034 | D:2      | Found a faded altar of an unknown god.
  3462 | D:4      | Found a staircase to the Ecumenical Temple.
  3544 | Temple   | Entered the Ecumenical Temple
  3605 | Temple   | Became a worshipper of Warmaster Okawaru
  3668 | D:4      | Reached XP level 5. HP: 42/42 MP: 4/4
  3720 | D:4      | Reached skill level 7 in Long Blades
  4185 | D:4      | Noticed a necrophage
  4190 | D:4      | Killed a necrophage
  4191 | D:4      | Reached skill level 8 in Long Blades
  4191 | D:4      | Reached XP level 6. HP: 47/50 MP: 5/5
  4286 | D:5      | Entered Level 5 of the Dungeon
  4286 | D:5      | Noticed a sky beast
  4292 | D:5      | Killed a sky beast
  4372 | D:5      | Reached skill level 9 in Long Blades
  4412 | D:5      | Reached * piety under Okawaru
  4536 | D:5      | Found an opulent altar of Gozag.
  4723 | D:5      | Noticed an ice beast
  4730 | D:5      | Mangled by an ice beast

Illustrated notes

Levels and vault maps discovered:
D:1:      tarquinn_simple_flora_water_b, layout_basic, minivault_5,
          minmay_unequal
D:2:      layout_loops_ring, hellmonk_ecumenical_altar_heavens_door
D:3:      minmay_door_path, layout_basic
D:4:      layout_loops_ring, minmay_temple_entry_trees,
          cheibrodos_sewer_entry_bend
D:5:      layout_layer_cave, lemuel_crystal_altar, vehumet_statue
Temple:   hc_temple_tempest_star

Skill      XL: |  1  2  3  4  5  6 |
---------------+-------------------+-----
Long Blades    | 4 5 6 8 9 |  9.2
Fighting       | |  2.6
Throwing       | |  2.0
Armour         | |  0.6
Dodging        | |  3.2
Invocations    | |  0.4

Action                   |  1- 3 |  4- 6 || total
-------------------------+-------+-------++-------
Melee: Long sword        |    52 |   117 ||   169
       Headbutt          |     9 |    24 ||    33
  Use: Scroll            |     3 |     4 ||     7
Armor: Leather armour    |    18 |    29 ||    47
Dodge: Dodged            |    57 |    62 ||   119
       Rpst.: Long sword |    19 |    16 ||    35
